 Dungeon Crawl Stone Soup version 0.23.2 (webtiles) character file.

Game seed: 17108889318401445605

7 myga the Digger (level 2, 0/15 HPs)
             Began as a Gargoyle Earth Elementalist on Apr 5, 2019.
             Slain by a hobgoblin (4 damage)
             ... on level 1 of the Dungeon.
             The game lasted 00:01:50 (120 turns).

myga the Digger (Gargoyle Earth Elementalist)        Turns: 120, Time: 00:01:50

Health: 0/15       AC:  4    Str: 11    XL:     2   Next: 0%
Magic:  1/5        EV: 12    Int: 15    God:
Gold:   8          SH:  0    Dex: 10    Spells: 4/5 levels left

rFire    . . .     SeeInvis .   a - +0 club
rCold    . . .     Gourm    .   (no shield)
rNeg     + . .     Faith    .   c - +0 robe
rPois    ∞         Spirit   .   (no helmet)
rElec    +         Reflect  .   (no cloak)
rCorr    .         Harm     .   (no gloves)
MR       .....                  (no boots)
Stlth    ++........             (no amulet)
HPRegen  0.05/turn              (no ring)
MPRegen  0.09/turn              (no ring)

@: very slightly contaminated
A: negative energy resistance 1, electricity resistance, unbreathing,
petrification resistance, rot immunity, AC +2
a: no special abilities


You were on level 1 of the Dungeon.
You were not hungry.

You visited 1 branch of the dungeon, and saw 1 of its levels.

You collected 8 gold pieces.

Inventory:

Hand Weapons
 a - a +0 club (weapon)
Missiles
 b - 23 stones (quivered)
Armour
 c - a +0 robe (worn)
Scrolls
 e - a scroll of blinking {unknown}
 f - a scroll of identify {unknown}
Comestibles
 d - a ration


   Skills:
 + Level 1.6 Dodging
 + Level 2.2 Stealth
 + Level 2.1 Spellcasting
   Level 0.7 Transmutations
 + Level 4.0 Earth Magic


You had 4 spell levels left.
You knew the following spells:

 Your Spells              Type           Power        Failure   Level  Hunger
a - Sandblast             Erth           ##....       4%          1    #......

Your spell library contained the following spells:

 Spells                   Type           Power        Failure   Level  Hunger
 Passwall                 Tmut/Erth      #.......     13%         2    ###....
 Stone Arrow              Conj/Erth      #.....       28%         3    ###....
 Petrify                  Tmut/Erth      #.......     63%         4    #####..
 Lee's Rapid Deconstruct  Erth           ##........   75%         5    ######.


Dungeon Overview and Level Annotations

Branches:
Dungeon (1/15)

Altars:


Innate Abilities, Weirdness & Mutations

You are resistant to torment.
Your stone body is resilient. (AC +2)
You are immune to poison.
You resist negative energy. (rN+)
You are resistant to electric shocks. (rElec)
You can survive without breathing.
You are immune to petrification.
You are immune to rotting.


Message History

The hobgoblin is heavily wounded.
The hobgoblin hits you but does no damage.
You barely miss the hobgoblin.
The hobgoblin is heavily wounded.
The hobgoblin misses you. The hobgoblin hits you.
You hit the hobgoblin.
The hobgoblin is severely wounded.
The hobgoblin hits you.
* * * LOW HITPOINT WARNING * * *
There is a stone staircase leading down here.
Found a dagger.
Casting: Sandblast (safe; 4% risk of failure)
Confirm with . or Enter, or press ? or * to list all spells.
Aiming: Sandblast (safe; 4% risk of failure)
Press: ? - help, Shift-Dir - straight line, f/p - hobgoblin
Aim: a hobgoblin (severely wounded)
You miscast Sandblast.
You are very lightly contaminated with residual magic.
Motes of dust swirl before your eyes. The hobgoblin hits you.
You die...

#######....................
...........................
.....................#####.
........############## #.
...................# ####.
...................# .^...
...................# .###.
...................###.+<'.
..........@g..>.......#####
...........................
...................##.####.
...................##.# #.
................##.# ##
................##†#####
...)##......######....##
....................#.##
................#...


You could see a hobgoblin.

Vanquished Creatures
  4 jackals (D:1)
  A frilled lizard (D:1)
  A rat (D:1)
6 creatures vanquished.

Notes
Turn   | Place    | Note
-------+----------+-------------------------------------------
     0 | D:1      | myga the Gargoyle Earth Elementalist began the quest for
                  | the Orb.
     0 | D:1      | Reached XP level 1. HP: 10/10 MP: 3/3
    99 | D:1      | Reached skill level 4 in Earth Magic
    99 | D:1      | Reached XP level 2. HP: 12/15 MP: 0/5
   120 | D:1      | Slain by a hobgoblin

Skill      XL: |  1 |
---------------+----+-----
Earth Magic    | 4 |  4.0
Dodging        | |  1.6
Stealth        | |  2.2
Spellcasting   | |  2.1
Transmutations | |  0.7

Action                   || total
-------------------------++-------
Melee: Club              ||    19
Throw: Stone             ||     1
 Cast: Sandblast         ||     6
Armor: Robe              ||     9
Dodge: Dodged            ||    22
